 Dungeon Crawl Stone Soup version 0.30-a0-953-g5f1da4a474 (webtiles) character file.

Game seed: 15378299425354480526

3195957 mopl the Myrmidon (level 27, 180/222 HPs)
             Began as a Merfolk Fighter on Mar 28, 2023.
             Was an Elder of Okawaru.
             Escaped with the Orb
             ... and 5 runes!
             The game lasted 02:55:19 (69217 turns).

mopl the Myrmidon (Merfolk Fighter)                Turns: 69217, Time: 02:55:19

Health: 180/222    AC: 46    Str: 26    XL:     27
Magic:  39/48      EV: 33    Int: 10    God:    Okawaru [****..]
Gold:   292        SH:  0    Dex: 31    Spells: 29/32 levels left

rFire   + + .      SeeInvis +    a - +9 bardiche (vamp)
rCold   + + +      Faith    .    (shield currently unavailable)
rNeg    + + +      Spirit   .    X - +12 crystal plate armour of Fedhas's Displeasure {rN+}
rPois   +          Reflect  .    V - -2 hat of the Alchemist {rElec rPois rF+ rC+ rN+ Will+ rMut rCorr}
rElec   +          Rampage  .    N - scarf "Tiva" {shadows, rN+ Will++ Int-2 SInv}
rCorr   +                        k - +2 pair of gloves of the Accordion {Drain rC+ rN+ Str+3 Dex+2}
rMut    +                        y - +2 pair of boots {Fly}
Will    +++++                    n - amulet of the Kissing Genius {Fragile rF+ rC+ Regen+ MP+9}
Stlth   +                        S - ring of Tuezana {EV+5 Str+5 Dex+4}
HPRegen 1.37/turn                u - +4 ring of slaying
MPRegen 0.31/turn

@: heroic, flying, studying 2 skills
A: (nimble swimmer 2), mertail, agile 2, strong-willed 1
0: Orb of Zot
}: 5/15 runes: decaying, serpentine, slimy, silver, abyssal
a: Renounce Religion, Heroism, Finesse


You escaped.
You worshipped Okawaru.
Okawaru was greatly pleased with you.
You visited 12 branches of the dungeon, and saw 56 of its levels.
You visited the Abyss 2 times.
You also visited: Trove, Ossuary, Gauntlet and Ice Cave.

You collected 9375 gold pieces.
You spent 9083 gold pieces at shops.

Inventory:

Hand Weapons
 a - a +9 vampiric bardiche (weapon)
 b - a +4 bardiche of flaming
Missiles
 c - 7 curare-tipped darts
 e - 11 silver javelins
 j - 26 atropa-tipped darts
 o - 14 boomerangs of dispersal
 r - 22 boomerangs (quivered)
 w - 3 datura-tipped darts
 M - 3 throwing nets
 P - 15 javelins
Armour
 d - the +4 dragonskin cloak
   (You took it off Tiamat on level 4 of the Realm of Zot)

   Avatar's Aegis: It grants the wearer a chance to resist fire, cold, poison,
   electricity, acid, and negative energy.
 k - the +2 pair of gloves of the Accordion (worn) {Drain rC+ rN+ Str+3 Dex+2}
   (Okawaru gifted it to you on level 1 of the Depths)

   Str:       It affects your strength (+3).
   Dex:       It affects your dexterity (+2).
   rC:        It protects you from cold.
   rN:        It protects you from negative energy.
   Drain:     It drains your maximum health when unequipped.
 y - a +2 pair of boots of flying (worn)
 z - the scarf of Watchfulness {+Inv, Contam rF+ rN+ Regen+}
   (Okawaru gifted it to you on level 2 of the Realm of Zot)

   rF:        It protects you from fire.
   rN:        It protects you from negative energy.
   Contam:    It causes magical contamination when unequipped.
   Regen:     It increases your rate of health regeneration.
 N - the scarf "Tiva" (worn) {shadows, rN+ Will++ Int-2 SInv}
   (You found it on level 5 of the Vaults)

   Int:       It affects your intelligence (-2).
   rN:        It protects you from negative energy.
   SInv:      It lets you see invisible.
   Will:      It greatly increases your willpower.
 V - the -2 hat of the Alchemist (worn) {rElec rPois rF+ rC+ rN+ Will+ rMut rCorr}
   (You bought it in a shop on level 1 of the Elven Halls)

   rF:        It protects you from fire.
   rC:        It protects you from cold.
   rElec:     It insulates you from electricity.
   rPois:     It protects you from poison.
   rN:        It protects you from negative energy.
   rCorr:     It protects you from acid and corrosion.
   rMut:      It protects you from mutation.
   Will:      It increases your willpower.
 X - the +12 crystal plate armour of Fedhas's Displeasure (worn) {rN+}
   (You bought it in a shop on level 4 of the Dungeon)

   rN:        It protects you from negative energy.
Jewellery
 n - the amulet of the Kissing Genius (around neck) {Fragile rF+ rC+ Regen+ MP+9}
   (You found it on level 3 of the Crypt)

   [amulet of regeneration]

   rF:        It protects you from fire.
   rC:        It protects you from cold.
   MP:        It affects your magic capacity (+9).
   Regen:     It increases your rate of health regeneration.
   Fragile:   It will be destroyed if unequipped.
 u - a +4 ring of slaying (right hand)
 S - the ring of Tuezana (left hand) {EV+5 Str+5 Dex+4}
   (You found it on level 3 of the Elven Halls)

   [ring of evasion]

   EV:        It affects your evasion (+5).
   Str:       It affects your strength (+5).
   Dex:       It affects your dexterity (+4).
Wands
 f - a wand of roots (45)
 E - a wand of acid (43)
 F - a wand of digging (14)
 O - a wand of mindburst (92)
 R - a wand of paralysis (62)
 Y - a wand of polymorph (22)
Scrolls
 h - 15 scrolls of vulnerability
 l - 18 scrolls of blinking
 m - 24 scrolls of teleportation
 q - 10 scrolls of fog
 x - 5 scrolls of magic mapping
 B - 3 scrolls of silence {!r}
 D - 10 scrolls of fear
 J - 19 scrolls of poison
Potions
 p - 20 potions of curing
 s - 16 potions of mutation {!q}
 t - 10 potions of flight
 v - 8 potions of cancellation
 A - 20 potions of might
 C - 12 potions of lignification {!q}
 G - 15 potions of heal wounds
 I - 4 potions of brilliance
 K - 4 potions of ambrosia
 L - 9 potions of invisibility
 Q - 2 potions of resistance
 T - 4 potions of haste
 U - 4 potions of berserk rage {!q}
 Z - 7 potions of magic
Miscellaneous
 g - a phial of floods
 i - a lightning rod (4/4)
 H - a condenser vane
 W - a tin of tremorstones (2/2)


   Skills:
 + Level 19.2(24.2) Fighting
 - Level 24.0(27) Polearms
 + Level 17.3(22.3) Throwing
 + Level 18.0(23.0) Armour
 + Level 22.1(27) Dodging
 + Level 15.5(20.5) Stealth
 - Level 3.0(8.0) Shields
 - Level 3.0 Spellcasting
 + Level 10.4 Translocations
 - Level 24.1 Invocations
 + Level 17.4 Evocations


You had 29 spell levels left.
You knew the following spells:

 Your Spells              Type           Power      Damage    Failure   Level
a - Apportation           Tloc           44%        N/A       3%          1
e - Blink                 Tloc           44%        N/A       6%          2

Your spell library contained the following spells:

 Spells                   Type           Power      Damage    Failure   Level
 Lesser Beckoning         Tloc           44%        N/A       6%          2
 Gell's Gravitas          Tloc           22%        N/A       12%         3
 Teleport Other           Tloc           22%        N/A       12%         3
 Manifold Assault         Tloc           22%        N/A       36%         4
 Passage of Golubria      Tloc           22%        N/A       36%         4
 Momentum Strike          Conj/Tloc      22%        3d8       45%         2
 Portal Projectile        Hex/Tloc       22%        N/A       69%         3
 Vhi's Electric Charge    Tloc/Air       22%        N/A       69%         3
 Kindle Blastsparks       Fire/Tloc/Air  16%        2d11      90%         3
 Foxfire                  Conj/Fire      4%         2x1d2     95%         1
 Freeze                   Ice            4%         1d3       95%         1
 Magic Dart               Conj           4%         1d3       95%         1
 Necrotise                Necr           4%         1d4       95%         1
 Sandblast                Erth           2%         2d4       95%         1
 Iskenderun's Mystic Bla  Conj/Tloc      11%        2d4       97%         4
 Cigotuvi's Dreadful Rot  Necr/Pois/Air  2%         N/A       99%         2
 Ensorcelled Hibernation  Hex/Ice        2%         N/A       99%         2
 Passwall                 Tmut/Erth      0%         N/A       99%         2
 Scorch                   Fire           2%         2d5       99%         2
 Static Discharge         Conj/Air       2%         2-3/arc   99%         2
 Sublimation of Blood     Necr           1%         N/A       99%         2
 Wereblood                Tmut           1%         N/A       99%         2
 Dazzling Flash           Conj/Hex       2%         N/A       100%        3
 Ignite Poison            Fire/Tmut/Pois 1%         N/A       100%        3
 Inner Flame              Hex/Fire       1%         N/A       100%        3
 Mephitic Cloud           Conj/Pois/Air  1%         N/A       100%        3
 Spider Form              Tmut/Pois      1%         N/A       100%        3
 Stone Arrow              Conj/Erth      2%         3d7       100%        3
 Swiftness                Air            1%         N/A       100%        3
 Vampiric Draining        Necr           1%         2d6       100%        3
 Anguish                  Hex/Necr       0%         N/A       100%        4
 Cause Fear               Hex            0%         N/A       100%        4
 Dispel Undead            Necr           1%         3d6       100%        4
 Flame Wave               Conj/Fire      1%         2d4       100%        4
 Ice Form                 Ice/Tmut       1%         N/A       100%        4
 Leda's Liquefaction      Hex/Erth       0%         N/A       100%        4
 Sticky Flame             Conj/Fire      1%         2d3       100%        4
 Agony                    Necr           1%         N/A       100%        5
 Arcjolt                  Conj/Air       0%         1d10      100%        5
 Blade Hands              Tmut           0%         N/A       100%        5
 Borgnjor's Vile Clutch   Necr/Erth      0%         N/A       100%        5
 Fireball                 Conj/Fire      0%         3d3       100%        5
 Iskenderun's Battlesphe  Conj           1%         2d6       100%        5
 Lee's Rapid Deconstruct  Erth           0%         3d4*      100%        5
 Plasma Beam              Fire/Air       0%         2x1d7     100%        5
 Conjure Ball Lightning   Conj/Air       0%         3x3d6     100%        6
 Eringya's Noxious Bog    Tmut/Pois      0%         N/A       100%        6
 Iron Shot                Conj/Erth      0%         9d1       100%        6
 Starburst                Conj/Fire      0%         6d3       100%        6
 Statue Form              Tmut/Erth      0%         N/A       100%        6
 Dragon Form              Tmut           0%         N/A       100%        7
 Storm Form               Tmut/Air       0%         N/A       100%        7
 Borgnjor's Revivificati  Necr           0%         N/A       100%        8
 Discord                  Hex            0%         N/A       100%        8
 Disjunction              Tloc           11%        N/A       100%        8
 Ignition                 Fire           0%         3d3       100%        8
 Lehudib's Crystal Spear  Conj/Erth      0%         10d2      100%        8
 Maxwell's Capacitive Co  Air            0%         ∞         100%        8
 Necromutation            Tmut/Necr      0%         N/A       100%        8
 Death's Door             Necr           0%         N/A       100%        9
 Polar Vortex             Ice            0%         N/A       100%        9
 Summon Small Mammal      Summ           Unusable   N/A       N/A         1
 Call Imp                 Summ           Unusable   N/A       N/A         2
 Call Canine Familiar     Summ           Unusable   N/A       N/A         3
 Animate Armour           Summ/Erth      Unusable   N/A       N/A         4
 Summon Ice Beast         Ice/Summ       Unusable   N/A       N/A         4
 Summon Lightning Spire   Summ/Air       Unusable   N/A       N/A         4
 Summon Forest            Summ/Tloc      Unusable   N/A       N/A         5
 Death Channel            Necr           Unusable   N/A       N/A         6
 Simulacrum               Ice/Necr       Unusable   N/A       N/A         6
 Summon Cactus Giant      Summ           Unusable   N/A       N/A         6
 Malign Gateway           Summ/Tloc      Unusable   N/A       N/A         7
 Spellforged Servitor     Conj/Summ      Unusable   N/A       N/A         7
 Summon Hydra             Summ           Unusable   N/A       N/A         7
 Dragon's Call            Summ           Unusable   N/A       N/A         9

Dungeon Overview and Level Annotations

Branches:
Dungeon (15/15)            Temple (1/1) D:6            Lair (5/5) D:10
  Swamp (4/4) Lair:2        Snake (4/4) Lair:3        Slime (5/5) Lair:4
    Orc (2/2) D:10            Elf (3/3) Orc:2        Vaults (5/5) D:13
  Crypt (3/3) Vaults:2       Tomb (0/3) Crypt:3      Depths (4/4) D:15
    Zot (5/5) Depths:4    Ossuary (visited)           IceCv (visited)
Gauntlet (visited)

Altars:
Ashenzari
Cheibriados
Dithmenos
Elyvilon
Fedhas
Gozag
Hepliaklqana
Kikubaaqudgha
Makhleb
Nemelex Xobeh
Okawaru
Qazlal
Ru
Sif Muna
Trog
Uskayaw
Vehumet
Wu Jian
Xom
Yredelemnul
Zin
The Shining One
Lugonu

Shops:
D:4 [   Orc:2 *(?([   Elf:1 [   Elf:3 (   Snake:1 [   Snake:2 (*   Snake:3 [
Snake:4 *   Vaults:1 *   Vaults:2 (   Depths:2 :

Portals:
Hell: Depths:1 Depths:2 Depths:3 Depths:4
Abyss: D:14 Lair:5 Depths:3
Pandemonium: Depths:1 Depths:2
Ziggurat: Depths:2

Annotations:
Vaults:4 + bardiche


Innate Abilities, Weirdness & Mutations

((You are very nimble when in or above water. (Stealth+, EV+, Speed+++)))
Your lower body shifts to a powerful aquatic tail in water.
You are very agile. (Dex +8, Str/Int -2)
You are strong-willed. (Will+)


Message History

The Ice Fiend is lightly wounded.
You reach to attack!
You slice the Ice Fiend like a ripe choko!!!
The Ice Fiend is heavily wounded.
You hit the Ice Fiend but do no damage.
The Ice Fiend is heavily wounded.
The Ice Fiend calls on the powers of darkness!
Your body is wracked with pain!
You are too injured to fight recklessly!
You are too injured to fight recklessly!
You hit the Ice Fiend.
The Ice Fiend is heavily wounded.
You open the Ice Fiend like a pillowcase!!!
The Ice Fiend is almost dead.
The Ice Fiend calls on the powers of darkness!
Your body is wracked with pain!
You slash the Ice Fiend!
You kill the Ice Fiend!
Okawaru accepts your kill.
(D) Dungeon (T) Temple (L) Lair (S) Swamp (P) Snake Pit (M) Slime Pits (O) Orcish Mines (E) Elven Halls (V) Vaults (C) Crypt (W) Tomb (U) Depths (H) Hell (Z) Zot
Where to? (Enter - D:1, ? - help)
There is a stone staircase leading up here.
You fly upwards.
There is a stone staircase leading down here.
There is a stone staircase leading up here.
You fly upwards.
There is a stone staircase leading down here.
There is an open gate here.
There is a staircase leading out of the dungeon here.
You gain the combat prowess of a mighty hero.
You feel more confident with your borrowed prowess.
You feel more confident with your borrowed prowess.
You can no longer enter into single combat with a foe.
Okawaru will no longer gift you equipment.
You feel more confident with your borrowed prowess.
You feel more confident with your borrowed prowess.
You have escaped!

♣♣..######.###...
♣♣...#............
♣....#.#######....
♣♣....### #.....
♣......########....
♣.......##.........
♣.8..8..8#..###...#
♣♣........'.##
#..## ♣..@......'.#
#..# ♣♣........'.#
#..##
♣.8..8..8######....
♣♣......##....#....
♣.....######.#####
♣♣...##.# #.#####
♣...##.# #......
♣...##.# #######
♣...##.##########


There were no monsters in sight!

Vanquished Creatures
  the Royal Jelly (Slime:5)
  A pandemonium lord (D:8)
  Tiamat (Zot:4)
  2 orbs of fire (Zot:5)
  5 ancient liches
  2 juggernauts (Depths:1)
  A royal mummy (Crypt:2)
  Boris (Depths:3)
  7 Killer Klowns (Zot:5)
  The ghost of Afra the Sorcerer, a veteran FoHs of Okawaru (Depths:2)
  Vv (Zot:2)
  The ghost of Ziusm the Earth Mage, an adept DsEE of Vehumet (Vaults:4)
  Saint Roka (Vaults:1)
  3 curse toes
  3 golden dragons
  A caustic shrike (Depths:2)
  Nikola (Vaults:1)
  A bone dragon (Depths:4)
  2 electric golems (Zot:5)
  A doom hound (Crypt:3)
  3 Brimstone Fiends
  An Ice Fiend (D:3)
  13 tentacled monstrosities
  27 Orb Guardians
  A walking earthen tome (Depths:2)
  3 deep elf blademasters
  9 liches
  2 titans
  2 deep elf master archers (Elf:3)
  24 acid blobs
  3 sphinxes
  A walking divine tome (Depths:3)
  7 quicksilver dragons
  6 death cobs
  2 krakens
  An Executioner (D:14)
  Gastronok (Lair:2)
  5 tentacled starspawn
  9 ancient champions
  Kirke (Snake:3)
  11 tengu reavers
  Agnes (Elf:1)
  10 shadow dragons
  4 draconian monks
  Donald (Swamp:2)
  19 storm dragons
  6 rockslimes
  3 demonspawn warmongers (D:8)
  8 nagarajas
  2 revenants
  Roxanne (Elf:1)
  2 draconian knights
  6 azure jellies
  10 fire giants
  A daeva (Depths:2)
  6 deep elf sorcerers (Elf:3)
  10 frost giants
  An emperor scorpion (shapeshifter) (Vaults:5)
  5 iron dragons
  An angel (Depths:2)
  19 vault wardens
  A ghost moth (Zot:2)
  A balrug (Depths:2)
  2 orc warlords
  The ghost of Fafe the Earth Mage, a journeyman GrEE of Gozag (D:14)
  5 draconian scorchers
  23 ironbound preservers
  16 ghouls
  The ghost of Fypuno Aqar the Pyromancer, an adept DEFE of Elyvilon (Vaults:4)
  9 deep elf elementalists (Elf:3)
  6 draconian annihilators
  4 quicksilver oozes
  39 very ugly things
  25 stone giants
  2 cacodemons
  4 draconian shifters
  7 curse skulls
  3 spriggan defenders
  4 draconian stormcallers
  A reaper (D:8)
  4 war gargoyles
  13 ironbound thunderhulks
  A demonspawn corrupter (D:8)
  2 starflowers (Abyss:2)
  6 yellow draconians
  14 vampire knights
  A lorocyproca (Abyss:3)
  3 deep elf demonologists
  An eleionoma (Swamp:1)
  9 green draconians
  2 caustic shrike skeletons
  7 black draconians
  11 purple draconians
  5 bunyips
  2 spectral hellephants (Crypt:3)
  9 white draconians
  A minotaur (Gauntlet)
  6 deep elf annihilators (Elf:3)
  8 dire elephants
  A green death (D:4)
  6 spark wasps
  5 red draconians
  2 eidola (Crypt:3)
  2 spectral elves (Crypt:3)
  13 ettins
  A merfolk javelineer (Depths:4)
  14 deep elf death magi
  12 fire dragons
  8 jiangshi
  A merfolk impaler (Depths:4)
  An entropy weaver (shapeshifter) (Lair:5)
  16 yaktaur captains
  A quicksilver dragon zombie (Crypt:3)
  3 shambling mangroves
  6 ice dragons
  6 entropy weavers
  5 rakshasas
  13 great orbs of eyes
  7 deep elf high priests (Elf:3)
  3 hell beasts (D:8)
  2 juggernaut simulacra (Depths:2)
  A fenstrider witch zombie (Crypt:3)
  3 salamander tyrants (Snake:4)
  19 hydras
  44 vault guards
  Fannar (Orc:1)
  An Orb Guardian zombie (Crypt:3)
  A spriggan skeleton (Crypt:3)
  9 ogre magi
  7 spriggan air magi
  9 centaur warriors
  3 death knights
  3 ghost crabs
  12 ironbound frosthearts
  A peacekeeper (Vaults:2)
  7 boulder beetles
  Erica (Lair:2)
  A fenstrider witch skeleton (Crypt:1)
  35 two-headed ogres
  An anaconda (shapeshifter) (Depths:1)
  11 deep troll shamans
  6 death yaks (Lair:3)
  21 dancing weapons
  8 anacondas
  6 alligators
  10 naga warriors
  13 vampire magi
  14 deep troll earth magi
  19 tengu warriors
  An orc high priest (Orc:1)
  Urug (Lair:5)
  5 spriggan berserkers
  5 shock serpents
  6 thrashing horrors
  Nergalle (Lair:1)
  Sonja (Orc:1)
  7 hell knights
  17 deep elf knights
  8 naga sharpshooters
  9 spriggans
  3 wretched stars (Abyss:3)
  2 sun demons (Depths:2)
  Amaemon (Lair:1)
  2 skysharks (Lair:5)
  A salamander mystic (Depths:3)
  3 large abominations
  3 soul eaters
  2 shadow wraiths
  A titan skeleton (Crypt:2)
  A shadow demon (D:8)
  A goliath frog (shapeshifter) (Vaults:5)
  4 sea snakes (Snake:2)
  8 iron trolls
  34 skeletal warriors
  6 spriggan druids
  7 flayed ghosts
  A swamp dragon (shapeshifter) (D:11)
  54 deep trolls
  19 bog bodies
  12 swamp dragons
  3 naga ritualists
  2 goliath frogs
  12 deep elf archers
  A spriggan simulacrum (Crypt:3)
  A death drake (Swamp:2)
  11 glowing orange brains
  An obsidian statue (Zot:5)
  6 orc knights
  23 deep elf pyromancers
  12 lindwurms
  8 harpies
  2 steelbarb worms (shapeshifter) (Vaults:2)
  10 wizards
  10 phantasmal warriors
  8 mana vipers
  14 deep elf zephyrmancers
  An anaconda skeleton (Crypt:3)
  12 ironbound convokers
  5 necromancers
  3 will-o-the-wisps
  3 orc sorcerers
  3 shining eyes
  A wolf spider (D:12)
  6 starcursed masses (Abyss:3)
  41 ugly things
  A glowing shapeshifter (Depths:2)
  An oklob plant (Lair:4)
  4 manticores
  17 cyclopes
  12 salamanders
  A fire giant zombie (Vaults:4)
  2 worldbinders
  7 elephants (Lair:5)
  An elephant (shapeshifter) (Vaults:5)
  A faun (shapeshifter) (Vaults:5)
  2 guardian serpents
  26 black mambas
  2 apocalypse crabs
  18 moths of wrath
  4 human skeletons
  3 orange demons
  3 smoke demons
  18 vault sentinels
  2 eyes of devastation (Slime:5)
  8 naga magi
  An eye of devastation (shapeshifter) (Vaults:4)
  A gargoyle (D:12)
  3 centaur skeletons
  8 cane toads
  A pale draconian zombie (Crypt:2)
  2 hellions
  A tormentor (D:4)
  3 unseen horrors
  A sea snake zombie (Crypt:3)
  3 tengu conjurers (D:15)
  5 rime drakes
  9 komodo dragons
  A yaktaur (shapeshifter) (Vaults:5)
  7 freezing wraiths
  A kobold demonologist (D:13)
  4 guardian mummies (Crypt:1)
  39 yaktaurs
  13 trolls
  4 ancient zymes
  A yaktaur skeleton (Vaults:4)
  A pale draconian skeleton (Crypt:1)
  A queen bee (Gauntlet)
  An anaconda simulacrum (Crypt:3)
  A black draconian skeleton (Crypt:1)
  3 meliai (D:15)
  14 tyrant leeches
  A polar bear (shapeshifter) (D:14)
  A harpy skeleton (Abyss:3)
  2 bloated husks
  A polar bear (Lair:5)
  12 hornets
  A tarantella (shapeshifter) (Abyss:3)
  2 snapping turtles (shapeshifter)
  A tarantella (Vaults:1)
  3 raiju (Abyss:3)
  25 blink frogs
  2 slime creatures (shapeshifter)
  A jumping spider (shapeshifter) (Depths:1)
  5 flying skulls (Crypt:2)
  A satyr zombie (Crypt:3)
  77 slime creatures
  An ettin skeleton (Crypt:3)
  A culicivora (Vaults:1)
  A spriggan (shapeshifter) (Lair:5)
  A shadow (D:12)
  10 water elementals
  2 centaur simulacra
  6 vampires
  12 wraiths
  5 ynoxinuls
  A culicivora (shapeshifter) (D:11)
  2 air elementals
  3 fire elementals
  7 basilisks
  A tyrant leech zombie (Crypt:2)
  47 yaks
  3 wyverns
  2 fire bats (Depths:2)
  3 humans (Snake:3)
  A death yak simulacrum (IceCv)
  8 golden eyes (Slime:2)
  3 steam dragons
  5 redbacks
  A redback simulacrum (D:14)
  7 vampire mosquitoes
  3 wargs
  2 chaos spawn
  14 swamp worms
  45 nagas
  A skyshark zombie (Crypt:1)
  A hydra simulacrum (IceCv)
  7 acid dragons
  A naga (shapeshifter) (D:15)
  19 water moccasins
  2 floating eyes
  An ice beast (shapeshifter) (Elf:2)
  16 orc warriors
  8 swamp drakes
  9 ice beasts
  4 black bears
  26 ogres
  A snapping turtle zombie (Crypt:3)
  An ettin simulacrum (Crypt:3)
  3 boggarts (Vaults:3)
  13 wolves
  13 centaurs
  14 small abominations (Lair:5)
  9 bullfrogs
  A wyvern zombie (D:7)
  A cyclops zombie (Crypt:1)
  2 kobold brigands
  2 scorpions
  An elf skeleton (Crypt:3)
  2 elf zombies
  17 necrophages
  7 wights
  A water moccasin zombie (D:7)
  A polar bear zombie (Crypt:2)
  14 killer bees
  An elephant simulacrum (IceCv)
  A polar bear skeleton (Crypt:2)
  9 howler monkeys
  4 electric eels
  5 human zombies
  A lava snake (D:13)
  5 centaur zombies
  12 orc priests
  A sleepcap (D:5)
  2 gnoll boudas
  18 iguanas
  Jessica (D:2)
  19 orc wizards
  Terence (D:2)
  A killer bee zombie (D:7)
  A polar bear simulacrum (IceCv)
  An acid dragon zombie (Crypt:2)
  A deep dwarf zombie (Crypt:1)
  A tengu skeleton (Crypt:3)
  2 deep dwarf skeletons (Crypt:3)
  A naga zombie (Crypt:1)
  7 mummies
  A howler monkey zombie (D:7)
  11 gnolls
  8 adders
  2 shadow imps (Gauntlet)
  8 white imps
  2 ufetubi
  An adder zombie (Ossuary)
  An adder skeleton (Crypt:2)
  A dart slug (D:4)
  39 orcs
  9 bats
  2 bat skeletons
  7 endoplasms
  7 giant cockroaches
  5 goblins
  6 hobgoblins
  A jackal (D:3)
  10 quokkas
  4 ball pythons
  20 frilled lizards
  A gnoll skeleton (Crypt:3)
  2 goblin zombies
  7 hobgoblin zombies (Ossuary)
  A jackal zombie (Ossuary)
  16 kobolds
  9 kobold zombies (Ossuary)
  10 orc zombies (Ossuary)
  A quokka skeleton (Crypt:2)
  5 rats
  2 rat zombies (Ossuary)
  A lurking horror (Abyss:3)
  10 starspawn tentacles
  3 tentacles (Swamp:1)
2464 creatures vanquished.

Vanquished Creatures (others)
  A jiangshi (Crypt:3)
  A hell hog (D:14)
  A deep elf knight (Elf:3)
  A deep troll (Vaults:1)
  A swamp dragon (Swamp:4)
  A wizard (Vaults:1)
  An ironbound convoker (Vaults:1)
  A moth of wrath (Zot:1)
  A vault sentinel (Vaults:1)
  2 yaktaurs (Vaults:1)
  A bloated husk (Swamp:1)
  A fire bat (Depths:2)
  A floating eye (Depths:3)
  18 fungi
  58 plants
  9 starspawn tentacles
  23 tentacles
122 creatures vanquished.

Grand Total: 2586 creatures vanquished

Notes
Turn   | Place    | Note
-------+----------+-------------------------------------------
     0 | D:1      | mopl the Merfolk Fighter began the quest for the Orb.
     0 | D:1      | Reached XP level 1. HP: 18/18 MP: 1/1
    43 | D:1      | Reached skill level 3 in Polearms
   254 | D:1      | Reached XP level 2. HP: 24/24 MP: 2/2
   363 | D:1      | Reached skill level 4 in Polearms
   979 | D:2      | Noticed Terence
   995 | D:2      | HP: 1/24 [Terence/+0 falchion (5)]
  1001 | D:2      | Killed Terence
  1002 | D:2      | Reached skill level 5 in Polearms
  1002 | D:2      | Reached XP level 3. HP: 4/29 MP: 3/3
  1283 | D:2      | Found a faded altar of an unknown god.
  1319 | D:2      | Identified the amulet of Jutiuplo {Spirit Str+3 Dex+3}
  1362 | D:2      | Noticed Jessica
  1369 | D:2      | Killed Jessica
  1370 | D:2      | Reached XP level 4. HP: 35/35 MP: 4/4
  1394 | D:2      | Reached skill level 6 in Polearms
  2097 | D:3      | Reached XP level 5. HP: 41/41 MP: 5/5
  2183 | D:3      | Reached skill level 7 in Polearms
  2379 | D:3      | Found a stormy altar of Qazlal.
  2382 | D:3      | Found a burning altar of Makhleb.
  2385 | D:3      | Found a blossoming altar of Fedhas.
  2385 | D:3      | Found an iron altar of Okawaru.
  3100 | D:4      | Reached skill level 8 in Polearms
  3100 | D:4      | Reached XP level 6. HP: 42/47 MP: 6/6
  3119 | D:4      | Found Wuihol's Armour Shoppe.
  3351 | D:4      | Found an ornate altar of the Wu Jian Council.
  3668 | D:5      | Entered Level 5 of the Dungeon
  3763 | D:5      | Reached skill level 9 in Polearms
  3809 | D:5      | Reached XP level 7. HP: 33/52 MP: 7/7
  3861 | D:5      | Reached skill level 10 in Polearms
  3911 | D:5      | Found a sand-covered staircase.
  3931 | Ossuary  | Entered an ossuary
  4236 | Ossuary  | Reached skill level 11 in Polearms
  4819 | D:6      | Reached XP level 8. HP: 27/58 MP: 4/8
  5011 | D:6      | Reached skill level 12 in Polearms
  5177 | D:6      | Found a staircase to the Ecumenical Temple.
  5650 | Temple   | Entered the Ecumenical Temple
  6066 | D:3      | Became a worshipper of Warmaster Okawaru
  6208 | D:6      | Reached skill level 13 in Polearms
  6513 | D:7      | Reached skill level 1 in Dodging
  6963 | D:7      | Reached skill level 1 in Invocations
  6963 | D:7      | Reached skill level 1 in Evocations
  7129 | D:7      | Reached skill level 1 in Throwing
  7129 | D:7      | Reached XP level 9. HP: 37/64 MP: 5/9
  7286 | D:7      | Reached skill level 2 in Dodging
  7286 | D:7      | Found a basalt altar of Yredelemnul.
  7319 | D:7      | Reached * piety under Okawaru
  7356 | D:7      | Reached skill level 4 in Fighting
  7370 | D:7      | Reached skill level 2 in Evocations
  7545 | D:7      | Reached skill level 14 in Polearms
  7545 | D:7      | Reached skill level 2 in Invocations
  7589 | D:7      | Found an ancient bone altar of Kikubaaqudgha.
  7595 | D:7      | Found a shimmering blue altar of Sif Muna.
  7597 | D:7      | Found a radiant altar of Vehumet.
  7670 | D:8      | Reached skill level 2 in Throwing
  7670 | D:8      | Reached skill level 3 in Dodging
  7759 | D:8      | Noticed a troll
  7773 | D:8      | Killed a troll
  7774 | D:8      | Reached skill level 3 in Armour
  8288 | D:8      | Reached ** piety under Okawaru
  8289 | D:8      | Reached skill level 3 in Invocations
  8301 | D:8      | Reached skill level 3 in Evocations
  8301 | D:8      | Reached XP level 10. HP: 41/73 MP: 8/12
  8417 | D:8      | Reached skill level 4 in Dodging
  8526 | D:9      | Reached skill level 3 in Throwing
  8532 | D:9      | Reached skill level 5 in Fighting
  8884 | D:9      | Identified the staff of earth "Zuxaam" {Dex+2}
  9204 | D:10     | Entered Level 10 of the Dungeon
  9241 | D:10     | Reached *** piety under Okawaru
  9242 | D:10     | Reached skill level 15 in Polearms
  9249 | D:10     | Found a staircase to the Orcish Mines.
  9319 | D:10     | Noticed a lindwurm
  9319 | D:10     | Noticed a lindwurm
  9379 | D:10     | Reached skill level 5 in Dodging
  9379 | D:10     | Reached skill level 4 in Invocations
  9519 | D:10     | Reached skill level 4 in Evocations
  9529 | D:10     | Reached **** piety under Okawaru
  9647 | D:10     | Found a staircase to the Lair.
  9670 | D:10     | Reached skill level 4 in Armour
  9696 | D:10     | Reached skill level 4 in Throwing
  9937 | D:10     | Reached XP level 11. HP: 65/81 MP: 10/14
  9946 | D:10     | Reached skill level 6 in Fighting
  9966 | D:10     | Reached skill level 6 in Dodging
 10098 | D:10     | Noticed a lindwurm
 10135 | Lair:1   | Entered Level 1 of the Lair of Beasts
 10145 | Lair:1   | Reached skill level 5 in Invocations
 10187 | Lair:1   | Reached ***** piety under Okawaru
 10303 | Lair:1   | Noticed Nergalle
 10322 | Lair:1   | Killed Nergalle
 10377 | Lair:1   | Reached skill level 16 in Polearms
 10658 | Lair:1   | Reached skill level 5 in Evocations
 10662 | Lair:1   | HP: 4/83 [poisoned by a water moccasin]
 10673 | Lair:1   | HP: 4/83 [bullfrog (2)]
 11022 | D:11     | Noticed a cyclops
 11041 | D:11     | Killed a cyclops
 11222 | D:11     | Reached skill level 5 in Throwing
 11325 | D:11     | Noticed a two-headed ogre
 11371 | D:11     | Killed a two-headed ogre
 11628 | D:11     | Identified the +0 robe "Qiosu" {Harm rN++ Str+2 Int-3}
 11672 | D:11     | Reached skill level 7 in Dodging
 11695 | D:11     | Reached skill level 7 in Fighting
 11884 | D:11     | Found a runed translucent door.
 11886 | D:11     | Found a runed translucent door.
 11886 | D:11     | Noticed a cyclops
 11947 | D:11     | Reached skill level 6 in Invocations
 11947 | D:11     | Reached XP level 12. HP: 65/91 MP: 11/16
 12094 | D:11     | Noticed a two-headed ogre
 12108 | D:11     | Killed a two-headed ogre
 12346 | D:11     | Reached skill level 5 in Armour
 12368 | D:11     | Noticed a two-headed ogre
 12407 | D:11     | Killed a two-headed ogre
 12453 | D:11     | Reached skill level 17 in Polearms
 12535 | D:11     | Noticed a shock serpent
 12739 | Orc:1    | Entered Level 1 of the Orcish Mines
 12739 | Orc:1    | Noticed Sonja
 12745 | Orc:1    | Killed Sonja
 12943 | Orc:2    | Entered Level 2 of the Orcish Mines
 13015 | Orc:2    | Found a staircase to the Elven Halls.
 13031 | Orc:2    | Reached skill level 6 in Evocations
 13240 | Orc:1    | Noticed a two-headed ogre
 13241 | Orc:1    | Noticed a stone giant
 13242 | Orc:1    | Noticed a two-headed ogre
 13295 | Orc:1    | Noticed Fannar
 13309 | Orc:1    | Killed Fannar
 13315 | Orc:1    | Reached skill level 8 in Dodging
 13347 | Orc:1    | Reached skill level 6 in Throwing
 13639 | Orc:1    | Found a transporter.
 13641 | Orc:1    | Found a transporter.
 13643 | Orc:1    | Noticed an ettin
 13646 | Orc:1    | Noticed an orc high priest
 13647 | Orc:1    | Noticed a two-headed ogre
 13682 | Orc:2    | Found Qoaplal's General Store.
 13710 | Orc:2    | Reached ****** piety under Okawaru
 13736 | Orc:2    | Found Unuq's Antique Weapon Shop.
 13806 | Orc:2    | Noticed a two-headed ogre
 13811 | Orc:2    | Identified the +8 arbalest of Bloody Death {drain, rElec
                  | rC+ Int+3 Dex+3} (Okawaru gifted it to you on level 2 of
                  | the Orcish Mines)
 13811 | Orc:2    | Received a gift from Okawaru
 13814 | Orc:2    | Noticed a two-headed ogre
 13826 | Orc:2    | Killed a two-headed ogre
 13830 | Orc:2    | Killed a two-headed ogre
 13831 | Orc:2    | Noticed a two-headed ogre
 13842 | Orc:2    | Killed a two-headed ogre
 13843 | Orc:2    | Reached skill level 7 in Invocations
 14039 | Orc:2    | Reached skill level 8 in Fighting
 14175 | Orc:2    | Noticed a two-headed ogre
 14189 | Orc:2    | Noticed a two-headed ogre
 14194 | Orc:2    | Killed a two-headed ogre
 14195 | Orc:2    | Reached XP level 13. HP: 28/98 MP: 1/18
 14205 | Orc:2    | Received a gift from Okawaru
 14222 | Orc:2    | Reached skill level 18 in Polearms
 14222 | Orc:2    | Reached skill level 9 in Dodging
 14593 | Orc:2    | Received a gift from Okawaru
 14827 | Orc:2    | Reached skill level 7 in Evocations
 15097 | Orc:2    | Bought a scroll of amnesia for 72 gold pieces
 15161 | Orc:2    | Found Iquas's Weapon Shop.
 15172 | Orc:2    | Found Xidosef's Armour Emporium.
 15369 | Orc:2    | Found Sexzisegh's Magic Scroll Boutique.
 15377 | Orc:2    | Bought a scroll of noise for 13 gold pieces
 15377 | Orc:2    | Bought a scroll of teleportation for 39 gold pieces
 15377 | Orc:2    | Bought a scroll of poison for 52 gold pieces
 15377 | Orc:2    | Bought a scroll of enchant weapon for 97 gold pieces
 15377 | Orc:2    | Bought a scroll of identify for 26 gold pieces
 15377 | Orc:2    | Bought a scroll of identify for 26 gold pieces
 15573 | D:12     | Found Sasueti's Book Shop.
 15614 | D:12     | Identified the +8 halberd "Emoewn" {venom, Str+2} (Okawaru
                  | gifted it to you on level 12 of the Dungeon)
 15614 | D:12     | Received a gift from Okawaru
 15615 | D:12     | Reached skill level 7 in Throwing
 16074 | D:12     | Reached skill level 6 in Armour
 16533 | D:12     | Reached skill level 8 in Invocations
 16880 | D:12     | Received a gift from Okawaru
 16881 | D:12     | Reached skill level 9 in Fighting
 16911 | D:12     | Reached skill level 10 in Dodging
 16967 | D:12     | Identified the scarf of Ysaylot {harm, Will+} (Okawaru
                  | gifted it to you on level 12 of the Dungeon)
 16967 | D:12     | Received a gift from Okawaru
 16984 | D:12     | Reached skill level 19 in Polearms
 17004 | D:12     | Reached XP level 14. HP: 108/108 MP: 20/20
 17026 | D:12     | Identified the +3 ring mail of the Old World {rCorr Str-2
                  | Dex+2}
 17039 | D:12     | Identified the +0 robe of Absence {rElec}
 17258 | D:13     | Found a frozen archway.
 17272 | IceCv    | Entered an ice cave
 17290 | IceCv    | Found a transporter.
 17302 | IceCv    | Found a transporter.
 18284 | D:12     | Reached skill level 8 in Evocations
 18931 | D:12     | Reached skill level 8 in Throwing
 19310 | D:13     | Found a gate to the Vaults.
 19444 | D:13     | Received a gift from Okawaru
 19816 | D:4      | Bought the +12 crystal plate armour of Fedhas's Displeasure
                  | {rN+} for 1328 gold pieces
 20202 | Lair:1   | Reached skill level 9 in Invocations
 20447 | Lair:1   | Reached skill level 11 in Dodging
 20517 | Lair:2   | Noticed Gastronok
 20538 | Lair:2   | Killed Gastronok
 20568 | Lair:2   | Found a staircase to the Swamp.
 20788 | Lair:2   | Identified the +1 pair of boots "Ocijimp" {rPois rC++}
                  | (Okawaru gifted it to you on level 2 of the Lair of Beasts)
 20788 | Lair:2   | Received a gift from Okawaru
 20794 | Lair:2   | Reached skill level 10 in Fighting
 20794 | Lair:2   | Reached skill level 20 in Polearms
 20814 | Lair:2   | Noticed Erica
 20828 | Lair:2   | Killed Erica
 20833 | Lair:2   | Noticed Amaemon
 20874 | Lair:1   | Killed Amaemon
 20875 | Lair:1   | Reached skill level 7 in Armour
 21574 | Lair:3   | Found a staircase to the Snake Pit.
 21602 | Lair:3   | Reached XP level 15. HP: 107/115 MP: 19/22
 22220 | Lair:4   | Identified the +0 robe "Rozy" {rF++ rCorr}
 22259 | Lair:4   | Reached skill level 9 in Evocations
 22295 | Lair:4   | Found a gate leading to a gauntlet.
 22306 | Gauntlet | Entered a Gauntlet
 22306 | Gauntlet | Found a transporter.
 22306 | Gauntlet | Found a transporter.
 22306 | Gauntlet | Found a transporter.
 22327 | Gauntlet | Found a transporter.
 22329 | Gauntlet | Found a transporter.
 22346 | Gauntlet | Found a transporter.
 22350 | Gauntlet | Found a transporter.
 22373 | Gauntlet | Found a transporter.
 22393 | Gauntlet | Found a transporter.
 22411 | Gauntlet | Found a transporter.
 22415 | Gauntlet | Found a transporter.
 22431 | Gauntlet | Found a transporter.
 22571 | Gauntlet | Reached skill level 9 in Throwing
 22583 | Gauntlet | Identified the staff of death "Ezyugg" {rN+ Str-3 Int+4
                  | Dex+4}
 22588 | Gauntlet | Identified the ring "Lioroaru" {rElec rN+++ AC+4 Int+3
                  | Dex-2}
 22595 | Gauntlet | Identified the +5 hand axe "Merfolk's Peril" {heavy, Str+7}
 22635 | Gauntlet | Got the Anthology of Concussion and the Volcano
 22819 | Lair:4   | Found a staircase to the Slime Pits.
 23023 | Lair:4   | Got the Book of the Hiemal Mortuary
 23412 | Lair:5   | Entered Level 5 of the Lair of Beasts
 23596 | Lair:5   | Received a gift from Okawaru
 23601 | Lair:5   | Reached skill level 12 in Dodging
 23728 | Lair:5   | Noticed Urug
 23742 | Lair:5   | Killed Urug
 23777 | Lair:5   | Reached skill level 10 in Invocations
 23809 | Lair:5   | Reached skill level 21 in Polearms
 23823 | Lair:5   | Found a corrupted altar of Lugonu.
 23823 | Lair:5   | Found a one-way gate to the infinite horrors of the Abyss.
 24021 | Lair:5   | Identified the +0 plate armour "Neczorer" {MP+9 Str+3
                  | Int+3} (Okawaru gifted it to you on level 5 of the Lair of
                  | Beasts)
 24021 | Lair:5   | Received a gift from Okawaru
 24451 | Lair:5   | Reached skill level 11 in Fighting
 24685 | D:14     | Found a transporter.
 24689 | D:14     | Noticed Fafe's ghost (journeyman GrEE)
 24795 | D:14     | Reached XP level 16. HP: 122/125 MP: 21/23
 25034 | D:14     | Noticed an Executioner
 25069 | D:14     | Found a transporter.
 25143 | D:14     | Found a sparkling altar of Nemelex Xobeh.
 25445 | D:15     | Entered Level 15 of the Dungeon
 25535 | D:15     | Reached skill level 8 in Armour
 25812 | D:15     | Reached skill level 10 in Evocations
 25967 | D:15     | Reached skill level 13 in Dodging
 25977 | D:15     | Reached skill level 10 in Throwing
 26163 | D:15     | Received a gift from Okawaru
 26244 | D:15     | Found a staircase to the Depths.
 26407 | Snake:1  | Entered Level 1 of the Snake Pit
 26608 | Snake:1  | Received a gift from Okawaru
 26743 | Snake:1  | Reached skill level 22 in Polearms
 26826 | Snake:1  | Received a gift from Okawaru
 26861 | Snake:1  | Found Noje's Armour Shoppe.
 27594 | Snake:2  | Received a gift from Okawaru
 27830 | Snake:2  | Found Vipt's Antique Weapon Shop.
 27836 | Snake:2  | Found Osoklosa's General Store.
 27851 | Snake:2  | Bought a glowing bardiche for 348 gold pieces
 27857 | Snake:2  | Bought a scroll of fog for 60 gold pieces
 28698 | Snake:2  | Reached XP level 17. HP: 126/133 MP: 22/24
 28859 | Snake:3  | Found Umiw's Overcharged Wands.
 29012 | Snake:3  | Found Gurare Eteush's Antique Armour Shop.
 29052 | Snake:3  | Noticed Kirke
 29062 | Snake:3  | Noticed a sphinx
 29063 | Snake:3  | Killed Kirke
 29064 | Snake:3  | Reached skill level 12 in Fighting
 29997 | Snake:4  | Entered Level 4 of the Snake Pit
 29997 | Snake:4  | Found Jasa's Assorted Antiques.
 30002 | Snake:4  | Bought an inky potion for 21 gold pieces
 30002 | Snake:4  | Bought a scroll of teleportation for 72 gold pieces
 30007 | Snake:4  | Bought a pair of runed gloves for 180 gold pieces
 30629 | Snake:4  | Received a gift from Okawaru
 30629 | Snake:4  | Found the +5 woodcutter's axe
 30639 | Snake:4  | Reached skill level 14 in Dodging
 30820 | Snake:4  | Reached skill level 11 in Evocations
 31157 | Snake:4  | Reached skill level 11 in Throwing
 31272 | Snake:4  | Reached skill level 23 in Polearms
 31396 | Snake:4  | Reached skill level 9 in Armour
 31397 | Snake:4  | Received a gift from Okawaru
 31921 | Snake:4  | Got a serpentine rune of Zot
 32140 | Swamp:1  | Entered Level 1 of the Swamp
 32291 | Swamp:1  | Identified the +7 short sword "Zeroocvox" {elec, *Rage
                  | rN+++ rCorr Dex-5}
 32411 | Swamp:1  | Noticed a kraken
 32581 | Swamp:1  | Killed a kraken
 32913 | Swamp:1  | Reached XP level 18. HP: 81/142 MP: 14/25
 32953 | Swamp:2  | Noticed Donald
 32980 | Swamp:2  | Killed Donald
 33869 | Swamp:3  | Received a gift from Okawaru
 34233 | Swamp:3  | Reached skill level 13 in Fighting
 34290 | Swamp:3  | Received a gift from Okawaru
 34514 | Swamp:4  | Entered Level 4 of the Swamp
 34598 | Swamp:4  | Reached skill level 15 in Dodging
 35128 | Swamp:3  | Reached skill level 10 in Armour
 35339 | Swamp:4  | Reached skill level 24 in Polearms
 35548 | Swamp:4  | Received a gift from Okawaru
 35818 | Swamp:4  | Reached skill level 12 in Evocations
 35937 | Swamp:4  | Got a decaying rune of Zot
 36172 | Elf:1    | Entered Level 1 of the Elven Halls
 36201 | Elf:1    | Found Zomuned's Antique Armour Shoppe.
 36235 | Elf:1    | Noticed Agnes
 36247 | Elf:1    | Killed Agnes
 36504 | Elf:1    | Noticed Roxanne
 36682 | Elf:1    | Reached skill level 12 in Throwing
 36682 | Elf:1    | Reached skill level 1 in Stealth
 36972 | Elf:1    | Learned a level 1 spell: Apportation
 36975 | Elf:1    | Learned a level 2 spell: Blink
 37310 | Elf:1    | Found a shimmering blue altar of Sif Muna.
 37383 | Elf:2    | Found a radiant altar of Vehumet.
 37397 | Elf:2    | Paralysed by an air elemental for 1 turns
 37705 | Elf:2    | Received a gift from Okawaru
 37823 | Elf:2    | Reached XP level 19. HP: 145/150 MP: 23/26
 37826 | Elf:2    | Reached skill level 2 in Stealth
 37844 | Elf:2    | Found a runed translucent gate.
 37845 | Elf:2    | Found a runed translucent gate.
 37845 | Elf:2    | Found a runed translucent gate.
 37953 | Elf:2    | Reached skill level 1 in Translocations
 38051 | Elf:2    | Reached skill level 3 in Stealth
 38073 | Elf:2    | Identified the +0 pair of gloves of the Saviour {Harm rElec
                  | rPois rCorr} (Okawaru gifted it to you on level 2 of the
                  | Elven Halls)
 38073 | Elf:2    | Received a gift from Okawaru
 38367 | Elf:3    | Entered Level 3 of the Elven Halls
 38400 | Elf:2    | Reached skill level 2 in Translocations
 38835 | Elf:3    | Reached skill level 11 in Armour
 38863 | Elf:3    | Reached skill level 4 in Stealth
 38895 | Elf:3    | Identified the +9 hand axe of Plunder {elec, rN+ rCorr
                  | Int+3 Dex-2}
 38908 | Elf:3    | Found Zujy's Weapon Shoppe.
 39169 | Elf:3    | Reached skill level 16 in Dodging
 39193 | Elf:3    | Reached skill level 14 in Fighting
 39271 | Elf:3    | Reached skill level 3 in Translocations
 39278 | Elf:3    | Received a gift from Okawaru
 39291 | Elf:3    | Reached skill level 5 in Stealth
 39355 | Elf:3    | Reached XP level 20. HP: 129/159 MP: 5/27
 39525 | Elf:3    | Identified the staff of earth "Icraelol" {rPois Will+
                  | Int-4}
 39539 | Elf:3    | Identified the ring of Tuezana {EV+5 Str+5 Dex+4}
 39562 | Elf:3    | Identified the +10 trident of Pain and Death {venom, Will+
                  | Int+5}
 39591 | Elf:3    | Found the +7 captain's cutlass {speed, disarm}
 39622 | Elf:3    | Identified the staff of cold "Ochimeapt" {rC+ Dex+3 Stlth+}
 39626 | Elf:3    | Identified the staff of poison "Usigauck" {rPois Str+3}
 39641 | Elf:3    | Got Qaizude's Grimoire of the Geodesic and Venom
 39865 | Elf:1    | Bought the -2 hat of the Alchemist {rElec rPois rF+ rC+ rN+
                  | Will+ rMut rCorr} for 1321 gold pieces
 39865 | Elf:1    | Found the -2 hat of the Alchemist {rElec rPois rF+ rC+ rN+
                  | Will+ rMut rCorr}
 40886 | Orc:1    | Reached skill level 6 in Stealth
 41083 | Vaults:1 | Entered Level 1 of the Vaults
 41092 | Vaults:1 | Reached skill level 13 in Evocations
 41103 | Vaults:1 | Reached skill level 4 in Translocations
 41120 | Vaults:1 | Reached skill level 12 in Armour
 41313 | Vaults:1 | Identified the +1 helmet of the Tormentor {Int+3 Stlth+}
                  | (Okawaru gifted it to you on level 1 of the Vaults)
 41313 | Vaults:1 | Received a gift from Okawaru
 41333 | Vaults:1 | Reached skill level 13 in Throwing
 41564 | Vaults:1 | Noticed Nikola
 41587 | Vaults:1 | Killed Nikola
 41827 | Vaults:1 | Reached skill level 7 in Stealth
 41868 | Vaults:1 | Reached skill level 17 in Dodging
 42008 | Vaults:1 | Noticed Saint Roka
 42038 | Vaults:1 | Killed Saint Roka
 42038 | Vaults:1 | Identified the +1 helmet of the Everdark {-Tele rF++ rCorr
                  | Dex+3} (Okawaru gifted it to you on level 1 of the Vaults)
 42038 | Vaults:1 | Received a gift from Okawaru
 42083 | Vaults:1 | Reached skill level 13 in Armour
 42151 | Vaults:1 | Found Weucemiz's Assorted Antiques.
 42158 | Vaults:1 | Reached XP level 21. HP: 167/167 MP: 29/29
 42167 | Vaults:1 | Bought a scroll of teleportation for 93 gold pieces
 42207 | Vaults:1 | Found a portal to a secret trove of treasure.
 42522 | Vaults:2 | Reached skill level 5 in Translocations
 42533 | Vaults:2 | Reached skill level 15 in Fighting
 42544 | Vaults:2 | Reached skill level 11 in Invocations
 42798 | Vaults:2 | Identified the +1 ring mail of the Gnashing Gods {rPois rN+
                  | MP-9 SInv}
 42835 | Vaults:2 | Found a staircase to the Crypt.
 42877 | Vaults:2 | Reached skill level 8 in Stealth
 43332 | Vaults:2 | Found Vega's Weapon Shoppe.
 43607 | Vaults:2 | Received a gift from Okawaru
 43814 | Vaults:2 | Received a gift from Okawaru
 43815 | Vaults:2 | Reached skill level 14 in Armour
 44504 | Vaults:3 | Identified the +2 helmet of Gyig {rN+} (Okawaru gifted it
                  | to you on level 3 of the Vaults)
 44504 | Vaults:3 | Received a gift from Okawaru
 44777 | Vaults:3 | Reached skill level 9 in Stealth
 44777 | Vaults:3 | Reached skill level 14 in Evocations
 45050 | Vaults:3 | Reached XP level 22. HP: 173/176 MP: 23/30
 45059 | Vaults:3 | Reached skill level 18 in Dodging
 45162 | Vaults:3 | Reached skill level 14 in Throwing
 45368 | Vaults:4 | Reached skill level 12 in Invocations
 45629 | Vaults:4 | Reached skill level 15 in Armour
 45842 | Vaults:4 | Identified the +3 hat of Dramatic Exits {rPois rF+ rN+}
                  | (Okawaru gifted it to you on level 4 of the Vaults)
 45842 | Vaults:4 | Received a gift from Okawaru
 45859 | Vaults:4 | Found a runed translucent gate.
 45859 | Vaults:4 | Found a runed translucent gate.
 45860 | Vaults:4 | Found a runed translucent gate.
 45860 | Vaults:4 | Noticed Fypuno Aqar's ghost (adept DEFE)
 45860 | Vaults:4 | Noticed Ziusm's ghost (adept DsEE)
 45860 | Vaults:4 | Identified a scroll of acquirement
 46583 | Vaults:5 | Entered Level 5 of the Vaults
 46672 | Vaults:4 | Reached skill level 10 in Stealth
 46706 | Vaults:4 | Reached skill level 16 in Fighting
 46937 | Vaults:5 | Identified the +7 kite shield "Wadim" {Slay+3} (Okawaru
                  | gifted it to you on level 5 of the Vaults)
 46937 | Vaults:5 | Received a gift from Okawaru
 46989 | Vaults:5 | Reached skill level 6 in Translocations
 46995 | Vaults:5 | Noticed an ancient lich
 47003 | Vaults:5 | Killed an ancient lich
 47004 | Vaults:5 | Reached XP level 23. HP: 165/184 MP: 23/32
 47097 | Vaults:5 | Identified the orb "Sugibr Mefo" {light, Rampage rN+}
 47392 | Vaults:5 | Identified the +9 hand axe of the Real Monster {flame,
                  | Str+2}
 47394 | Vaults:5 | Identified the staff of conjuration "Viatz" {rF+}
 47407 | Vaults:5 | Got a silver rune of Zot
 47420 | Vaults:5 | Reached skill level 16 in Armour
 47449 | Vaults:5 | Reached skill level 13 in Invocations
 47518 | Vaults:5 | Identified the staff of conjuration "Melinech" {Int+3
                  | Dex+3}
 47576 | Vaults:5 | Identified the ring of Beriq {Fly rPois Will- Dex+6}
 48006 | Vaults:5 | Received a gift from Okawaru
 48017 | Vaults:5 | Reached skill level 19 in Dodging
 48121 | Vaults:5 | Reached skill level 11 in Stealth
 48485 | Vaults:5 | Identified the +8 hand axe of Defrud {freeze, Fly Dex+3}
 48524 | Vaults:5 | Identified the +9 spear of the Evil Eye {freeze, rC+}
 48524 | Vaults:5 | Identified the ring "Ithretu" {rC+++ AC+4 Str+3 Int+3
                  | Dex-2}
 48527 | Vaults:5 | Identified the amulet "Vihidih" {Faith +Blink Will+}
 48549 | Vaults:5 | Identified the scarf "Tiva" {shadows, rN+ Will++ Int-2
                  | SInv}
 49336 | D:10     | Identified the amulet "Izuim" {Harm rN+ Regen+ Int-4}
 49528 | Slime:1  | Entered Level 1 of the Pits of Slime
 50041 | Slime:4  | Reached skill level 15 in Evocations
 50199 | Slime:4  | Identified the +7 ring mail of Weirdness {Str+2} (Okawaru
                  | gifted it to you on level 4 of the Pits of Slime)
 50199 | Slime:4  | Received a gift from Okawaru
 50393 | Slime:5  | Entered Level 5 of the Pits of Slime
 50551 | Slime:5  | Noticed the Royal Jelly
 50591 | Slime:5  | Killed the Royal Jelly
 50592 | Slime:5  | Reached skill level 15 in Throwing
 50614 | Slime:5  | Paralysed by a floating eye for 2 turns
 50619 | Slime:5  | Reached skill level 7 in Translocations
 50699 | Slime:5  | Identified the +8 longbow "Ysior" {heavy, *Corrode Fly rC+
                  | Dex+3}
 50716 | Slime:5  | Reached XP level 24. HP: 193/193 MP: 21/33
 50728 | Slime:5  | Identified the staff of cold "Ajiekhu" {rElec rC+ Stlth+}
 50732 | Slime:5  | Got the Codex of the Planar Blizzard
 50738 | Slime:5  | Identified the ring "Nof Loiz" {rC+ Str+3}
 50776 | Slime:5  | Got Sif Muna's Tome of the Glacier
 50779 | Slime:5  | Identified the +12 battleaxe of Corruption {heavy, rPois}
 50812 | Slime:5  | Got the Omnibus of Niveous Heat
 50822 | Slime:5  | Got a slimy rune of Zot
 50823 | Slime:5  | Identified the +2 morningstar of Wibu {drain, rN+ MP+9
                  | Str+3 Int+5}
 50836 | Slime:5  | Identified the +1 plate armour of Lies {rElec Dex+3}
 50847 | Slime:5  | Identified the ring "Numuvew" {Fly AC+4}
 51112 | Depths:1 | Entered Level 1 of the Depths
 51125 | Depths:1 | Found a gateway to Hell.
 51218 | Depths:1 | Found a one-way gate leading to the halls of Pandemonium.
 51235 | Depths:1 | Found a white marble altar of Elyvilon.
 51447 | Depths:1 | Reached skill level 17 in Fighting
 51457 | Depths:1 | Received a gift from Okawaru
 51458 | Depths:1 | Reached skill level 12 in Stealth
 51465 | Depths:1 | Noticed a juggernaut
 51474 | Depths:1 | Killed a juggernaut
 51475 | Depths:1 | Reached skill level 14 in Invocations
 51496 | Depths:1 | Noticed a juggernaut
 51508 | Depths:1 | Killed a juggernaut
 51508 | Depths:1 | Identified the +2 pair of gloves of the Accordion {Drain
                  | rC+ rN+ Str+3 Dex+2} (Okawaru gifted it to you on level 1
                  | of the Depths)
 51508 | Depths:1 | Received a gift from Okawaru
 51555 | Depths:1 | Identified the +4 ring mail "Hariock" {rElec}
 51566 | Depths:1 | Identified the +2 pair of gloves "Caema" {Harm rN++}
 51945 | Depths:1 | Found a stormy altar of Qazlal.
 52668 | Depths:2 | Found a runed translucent door.
 52670 | Depths:2 | Noticed a caustic shrike
 52670 | Depths:2 | Noticed an ancient lich
 52671 | Depths:2 | Noticed Afra's ghost (veteran FoHs)
 52772 | Depths:2 | Identified the amulet of Yvairorph {Spirit Int+6}
 52777 | Depths:2 | Identified the staff of fire "Metub" {rF+ Str+5}
 52878 | Depths:2 | Found a one-way gateway to a ziggurat.
 52909 | Depths:2 | Reached skill level 20 in Dodging
 52973 | Depths:2 | Found Mikasot's Book Shop.
 52992 | Depths:2 | Received a gift from Okawaru
 53201 | Depths:2 | Found a runed translucent door.
 53585 | Depths:2 | Killed an ancient lich
 53586 | Depths:2 | Reached skill level 8 in Translocations
 53586 | Depths:2 | Reached skill level 15 in Invocations
 53599 | Depths:2 | Reached XP level 25. HP: 124/198 MP: 22/34
 53605 | Depths:2 | Reached skill level 1 in Spellcasting
 53671 | Depths:2 | Killed Afra's ghost
 53714 | Depths:3 | Paralysed by a floating eye for 2 turns
 53945 | Depths:3 | Reached skill level 2 in Spellcasting
 53949 | Depths:3 | Noticed Boris
 53963 | Depths:3 | Killed Boris
 54100 | Depths:3 | Reached skill level 13 in Stealth
 54251 | Depths:3 | Noticed an ancient lich
 54264 | Depths:3 | Killed an ancient lich
 54297 | Depths:3 | Identified the +7 war axe of Nemelex Xobeh's Regard {drain,
                  | rPois rF+ Str-3}
 54368 | Depths:3 | Received a gift from Okawaru
 54388 | Depths:3 | Reached skill level 16 in Evocations
 54422 | Depths:3 | Reached skill level 3 in Spellcasting
 54572 | Depths:3 | Received a gift from Okawaru
 54635 | Depths:3 | Reached skill level 16 in Throwing
 54731 | Depths:3 | Reached skill level 17 in Armour
 54871 | Depths:3 | Found a shimmering blue altar of Sif Muna.
 55019 | Depths:4 | Entered Level 4 of the Depths
 55079 | Depths:4 | Found a broken altar of Ashenzari.
 55102 | Depths:4 | Reached skill level 16 in Invocations
 55313 | Depths:4 | Reached skill level 18 in Fighting
 55581 | Depths:4 | Reached XP level 26. HP: 211/211 MP: 34/35
 55608 | Depths:4 | Received a gift from Okawaru
 55734 | Depths:4 | Reached skill level 9 in Translocations
 55879 | Depths:4 | Found a gate to the Realm of Zot.
 56033 | Depths:4 | Found a shimmering altar of Xom.
 56057 | Depths:4 | Found a shimmering altar of Xom.
 56057 | Depths:4 | Found a shimmering altar of Xom.
 56077 | Depths:4 | Found a shimmering altar of Xom.
 56077 | Depths:4 | Found a shimmering altar of Xom.
 56087 | Depths:4 | Found a shimmering altar of Xom.
 56175 | Zot:1    | Entered Level 1 of the Realm of Zot
 56242 | Zot:1    | Received a gift from Okawaru
 56516 | Zot:1    | Reached skill level 17 in Invocations
 57408 | Zot:1    | Reached skill level 18 in Invocations
 58001 | Zot:2    | Identified the scarf of Watchfulness {+Inv, Contam rF+ rN+
                  | Regen+} (Okawaru gifted it to you on level 2 of the Realm
                  | of Zot)
 58001 | Zot:2    | Received a gift from Okawaru
 58065 | Zot:2    | Noticed Vv
 58095 | Zot:2    | Killed Vv
 58116 | Zot:2    | Reached skill level 19 in Invocations
 59174 | Zot:3    | Reached skill level 20 in Invocations
 59471 | Zot:4    | Found the +4 dragonskin cloak
 59471 | Zot:4    | Noticed Tiamat
 59499 | Zot:4    | Killed Tiamat
 60189 | Zot:5    | Entered Level 5 of the Realm of Zot
 60293 | Zot:5    | Reached skill level 21 in Invocations
 60658 | Zot:5    | Reached XP level 27. HP: 188/217 MP: 32/37
 60690 | Zot:5    | Received a gift from Okawaru
 61113 | Vaults:1 | Bought a scroll of enchant weapon for 232 gold pieces
 61113 | Vaults:1 | Bought a scroll of enchant weapon for 232 gold pieces
 61150 | Vaults:1 | You paid a toll of a +5 demon whip to enter a treasure
                  | trove
 61151 | Trove    | Entered a treasure trove
 61161 | Trove    | Identified the ring of the Everdark {Wiz rElec rCorr Str+2
                  | Dex+3}
 61170 | Trove    | Identified the amulet of the Sturgeon {Reflect Drain rElec
                  | rC++ SH+5 Stlth+}
 61263 | Crypt:1  | Entered Level 1 of the Crypt
 61360 | Crypt:1  | Identified the +2 buckler of Cyhou {Fly rC+ Int-2} (Okawaru
                  | gifted it to you on level 1 of the Crypt)
 61360 | Crypt:1  | Received a gift from Okawaru
 61673 | Crypt:1  | Reached skill level 22 in Invocations
 62892 | Crypt:2  | Identified the +3 battleaxe "Vamniyki" {freeze, Dex+4}
 62946 | Crypt:2  | Reached skill level 23 in Invocations
 63302 | Crypt:3  | Entered Level 3 of the Crypt
 63596 | Crypt:3  | Found a staircase to the Tomb.
 63643 | Crypt:3  | Reached skill level 24 in Invocations
 63738 | Crypt:3  | Received a gift from Okawaru
 63910 | Crypt:2  | Received a gift from Okawaru
 63961 | Crypt:2  | Reached skill level 21 in Dodging
 64016 | Crypt:3  | Reached skill level 14 in Stealth
 64044 | Crypt:3  | Received a gift from Okawaru
 64594 | Crypt:3  | Found a basalt altar of Yredelemnul.
 64594 | Crypt:3  | Found an ancient bone altar of Kikubaaqudgha.
 64594 | Crypt:3  | Noticed a royal mummy
 64656 | Crypt:2  | Killed a royal mummy
 64861 | Crypt:3  | Identified the amulet of the Kissing Genius {Fragile rF+
                  | rC+ Regen+ MP+9}
 64861 | Crypt:3  | Identified the ring "Hela" {rN+ Str+2 Dex+2}
 64861 | Crypt:3  | Identified the ring "Coes" {rF+ rN+}
 65293 | Snake:3  | Bought a wand of mindburst (30) for 630 gold pieces
 65293 | Snake:3  | Bought a wand of acid (18) for 1134 gold pieces
 65293 | Snake:3  | Bought a wand of paralysis (18) for 648 gold pieces
 65293 | Snake:3  | Bought a wand of acid (18) for 1134 gold pieces
 65293 | Snake:3  | Bought a wand of roots (18) for 648 gold pieces
 65293 | Snake:3  | Bought a wand of flame (40) for 420 gold pieces
 65533 | Orc:2    | Bought a potion of cancellation for 144 gold pieces
 65533 | Orc:2    | Bought a wand of flame (9) for 113 gold pieces
 65792 | Abyss:2  | Cast into level 2 of the Abyss (deep elf knight)
 66093 | Abyss:3  | Paralysed by accursed screaming for 1 turns
 66103 | Abyss:3  | Got an abyssal rune of Zot
 66177 | D:14     | Escaped the Abyss
 66200 | D:14     | Killed Fafe's ghost
 66498 | Elf:1    | Killed Roxanne
 66858 | Vaults:4 | Killed Fypuno Aqar's ghost
 66875 | Vaults:4 | Killed Ziusm's ghost
 66875 | Vaults:4 | Identified the +8 plate armour of Generosity {rF+} (Okawaru
                  | gifted it to you on level 4 of the Vaults)
 66875 | Vaults:4 | Received a gift from Okawaru
 66899 | Vaults:4 | Acquired a manual of Armour
 67557 | Abyss:3  | Cast into level 3 of the Abyss (green draconian)
 67582 | Zot:5    | Escaped the Abyss
 67856 | Zot:5    | Noticed an orb of fire
 67883 | Zot:5    | Gained mutation: Armour fits poorly on your strangely
                  | shaped body. [an orb of fire]
 67886 | Zot:5    | Killed an orb of fire
 67902 | Zot:5    | Noticed an ancient lich
 67916 | Zot:5    | Killed an ancient lich
 68015 | Zot:5    | Lost mutation: Armour fits poorly on your strangely shaped
                  | body. [potion of mutation]
 68015 | Zot:5    | Gained mutation: You are agile. (Dex +4, Str/Int -1)
                  | [potion of mutation]
 68015 | Zot:5    | Gained mutation: You are strong-willed. (Will+) [potion of
                  | mutation]
 68015 | Zot:5    | Gained mutation: You are very agile. (Dex +8, Str/Int -2)
                  | [potion of mutation]
 68190 | Zot:5    | Reached skill level 17 in Evocations
 68257 | Zot:5    | Reached skill level 10 in Translocations
 68274 | Zot:5    | Noticed an orb of fire
 68288 | Zot:5    | Killed an orb of fire
 68289 | Zot:5    | Reached skill level 17 in Throwing
 68289 | Zot:5    | Reached skill level 15 in Stealth
 68356 | Zot:5    | Reached skill level 19 in Fighting
 68386 | Zot:5    | Noticed an ancient lich
 68393 | Zot:5    | Killed an ancient lich
 68460 | Zot:5    | Identified the +3 leather armour "Oshrabbosuf" {Int+4}
 68480 | Zot:5    | Got the Orb of Zot
 68582 | Zot:1    | Identified the +6 halberd "Ecvaewk" {flame, Str+2 Int+3}
                  | (Okawaru gifted it to you on level 1 of the Realm of Zot)
 68582 | Zot:1    | Received a gift from Okawaru
 68805 | D:12     | Reached skill level 22 in Dodging
 68945 | D:8      | Noticed Saczebud the pandemonium lord
 68956 | D:8      | Killed Saczebud the pandemonium lord
 68957 | D:8      | Reached skill level 18 in Armour
 69217 | D:$      | Escaped with the Orb!

Illustrated notes

Levels and vault maps discovered:
D:1:      kennysheep_arrival_forest, layout_loops_ring
D:2:      minmay_angry_zag, layout_loops_corners,
          hellmonk_ecumenical_altar_pennies_from_heaven, grunt_ministairs_12,
          glass_columns_c, minmay_pentomino_u4, uniq_terence, uniq_jessica
D:3:      layout_basic, grunt_temple_overflow_open, kennysheep_cross_room,
          minmay_randomly_rotated_circles
D:4:      layout_basic, mainiacjoe_overflow_cross_hatched, serial_shops, shop,
          st_stairs_11, glass_columns_b
D:5:      layout_loops_cross, nicolae_ossuary_entry_ruins
D:6:      layout_loops_ring, temple_doors_cd
D:7:      layout_loops_ring, grunt_temple_overflow_magic_moments,
          lemuel_mausoleum_altar_yredelemnul
D:8:      layout_basic
D:9:      layout_long_grid, minivault_16
D:10:     layout_loops_cross, hellmonk_lair_entry_icy, orc_0_dummy,
          minmay_lindwurm_lava
D:11:     minmay_the_grid_triangle_9x9_recursive_3
          [minmay_the_grid_triangle_9x9_zippers_horizontal,
          minmay_the_grid_triangle_9x9_semitri,
          minmay_the_grid_triangle_9x9_swiss_cheese,
          minmay_the_grid_triangle_9x9_prize_top_heavy,
          minmay_the_grid_triangle_9x9_tough_junction,
          minmay_the_grid_triangle_9x9_thin_v,
          minmay_the_grid_triangle_9x9_flanged_cone,
          minmay_the_grid_triangle_9x9_descending_squares,
          minmay_the_grid_triangle_9x9_shrine], layout_irregular_city,
          serial_column_ruins, column_ruins_square_medium,
          column_ruins_open_large, column_ruins_open_small,
          column_ruins_corridor_straight, column_ruins_open_tiny,
          column_ruins_columns_corner, column_ruins_columns_straight,
          hangedman_weighted_door, reono_crystal_passage
D:12:     kennysheep_windowed_halls, layout_irregular_city, serial_shops,
          shop_statue
D:13:     layout_cave_pools, erik_vaults_2, portal_ice_cave_rime,
          kennysheep_generic_room_2
D:14:     layout_roguey, minmay_misc_feat_encased,
          gammafunk_ghost_abyssal_escape, nemelex_xobeh_ov_fountains_minmay
D:15:     grunt_enter_depths_snipers, layout_rooms,
          hangedman_abyss_or_decor_clamps
Temple:   compressed_dpeg_triangle_lava_temple
Lair:1:   lemuel_reptile_caves, layout_hall_layers, beast_lair_carwin_10,
          uniq_nergalle
Lair:2:   layout_chaotic_city, minmay_swamp_entry_worms,
          pdpol_lair_neglected_garden, uniq_erica, uniq_gastronok, uniq_amaemon
Lair:3:   layout_loops_ring, guppyfry_snake_entry_island
Lair:4:   layout_roguey, slime_entry_1, gauntlet_entry_generic,
          nicolae_quartered_pool_super, infiniplex_staircase_pool_2
Lair:5:   hellmonk_lair_end_abyssal_woods, layout_regular_city, st_stairs_4,
          bobbens_ice_dragon_lair, infiniplex_staircase_pool, uniq_urug
Swamp:1:  layout_basic_swamp, nicolae_swamp_round_clearing, swamp_pool5,
          nicolae_swamp_thats_no_hydra
Swamp:2:  layout_basic_swamp, evilmike_swamp_ruin_house_4, swamp_pool4,
          uniq_donald
Swamp:3:  layout_basic_swamp, nicolae_swamp_stair_fork, swamp_pool1
Swamp:4:  swamp_basic_johnstein, layout_basic_swamp
Snake:1:  layout_chambers, serial_shops, nicolae_shop_hallway_stairs,
          grunt_ministairs_1, hangedman_snake_thin_pillar_pass
Snake:2:  layout_onion_interference, serial_bayou_pond_a, serial_bayou_shore_a,
          minmay_shoptagon
Snake:3:  layout_chambers, serial_shops, nicolae_shop_overgrown_old_shop,
          nicolae_snake_gridmaze_entwining, nicolae_shop_overcharged_wands,
          grunt_megastairs_4, uniq_kirke
Snake:4:  minmay_snake_end_coiled, layout_gridlike, serial_shops, shop_fountains
Slime:1:  layout_caves
Slime:2:  layout_caves
Slime:3:  layout_caves
Slime:4:  layout_caves
Slime:5
Orc:1:    gammafunk_beogh_shrine, layout_caves, uniq_sonja, uniq_fannar
Orc:2:    st_orc_open, layout_diamond_mine, serial_shops,
          nicolae_shop_hallway_plus
Elf:1:    elf_arrival_001, layout_onion_city, serial_shops, shop_statue,
          hangedman_corner_corridor, due_unseen_surprise, lemuel_upstairs_altar,
          uniq_roxanne, uniq_agnes
Elf:2:    nicolae_elf_blades_crystal_corner, layout_loops_ring, basic_altar
Elf:3:    minmay_elf_hall_four_x, layout_rooms, serial_shops,
          nicolae_diamond_shop, serial_sigils_hangedman_snap, st_stairs_8
Vaults:1: vaults_room_door_hall, nicolae_vaults_octagons, v_alt_pattern_6,
          ontoclasm_vaults_gateway, vaults_dpeg_doors, ontoclasm_vaults_bender,
          hangedman_vaults_river_flow, vaults_dpeg_ring,
          nicolae_vaults_what_the_h, v_misc_18, nicolae_vaults_asterisk,
          layout_vaults_big_room, serial_shops, nicolae_shop_hallway_stairs,
          enter_trove_2, uniq_nikola, uniq_saint_roka
Vaults:2: hangedman_vaults_corner_blocks, st_eye, grunt_vaults_bifocal,
          vaults_dpeg_emergency_exit, dpeg_vaults_monster_box,
          layout_vaults_omnigrid, serial_shops, shop
Vaults:3: vaults_room_door_ring, v_misc_4, vaults_room_boxed,
          grunt_vaults_funnel, ontoclasm_vaults_pinch, v_misc_31,
          hangedman_vaults_locks, vaults_room_fours,
          nicolae_vaults_circle_grid_b, vaults_room_semicircle,
          vaults_dpeg_spiral, nicolae_vaults_little_squares_1,
          layout_vaults_omnicross
Vaults:4: gammafunk_ghost_cemetery, hangedman_vaults_impose, v_misc_13,
          vaults_room_pools, v_alt_pattern_3, nicolae_vaults_circle_grid_a,
          vaults_mumra_chevron_long, dpeg_vaults_monster_row,
          ontoclasm_vaults_ring_small, v_alt_pattern_3, nicolae_vaults_big_ls,
          nicolae_vaults_meeting, ontoclasm_vaults_twist, layout_vaults_omnibox
Vaults:5
Crypt:1:  layout_gridlike, grunt_crypt_arrival_guarded_gate
Crypt:2:  layout_misc_corridors, grunt_ministairs_10, st_small_mortuary,
          grunt_megastairs_5
Crypt:3:  lightli_unholy_cathedral, layout_chaotic_city,
          beargit_elvish_explorers
Depths:1: minmay_tile_spiral, layout_basic, hell_entry, elyvilon_altar_4,
          pan_entry, grunt_ministairs_9, grunt_qazlal_sundering
Depths:2: evilmike_marble_ring, layout_cave_shapes, enter_ziggurat_d, pan_entry,
          muffindrake_ghost_dual_entry, hellmouth_1, serial_shops,
          nicolae_shop_statue_plus, dreamdust_wishing_well,
          infiniplex_staircase_zigzag_4
Depths:3: nooodl_heptagram, layout_cave_shapes, led_sif_pool,
          pf_hell_entry_great_geh, abyss_entry_crystal, uniq_boris
Depths:4: evilmike_zot_entry_diamond, layout_basic, hell_entry,
          evilmike_ruin_ashenzari, serial_sigils,
          serial_sigils_hangedman_clutch, serial_sigils_hangedman_confine,
          serial_sigils_hangedman_etch, serial_sigils_hangedman_quiver,
          serial_sigils_hangedman_quiver, xom_redecorated
Zot:1:    layout_concentric_octagons, grunt_megastairs_1
Zot:2:    layout_misc_corridors, st_stairs_12, grunt_ministairs_7,
          grunt_megastairs_2, uniq_vv
Zot:3:    layout_onion_interference
Zot:4:    layout_twisted_circle, uniq_tiamat
Zot:5:    layout_basic

Skill      XL: |  1  2  3  4  5  6  7  8  9 10 11 12 13 14 15 16 17 18 19 20 21 22 23 24 25 26 27 |
---------------+----------------------------------------------------------------------------------+-----
Polearms       | 3 5 6 8 9 11 13 14 15 16 17 19 20 21 22 23 24 | 24.0
Dodging        | 1 3 5 7 8 10 11 12 13 14 15 16 17 18 19 20 22 | 22.1
Invocations    | 1 3 4 6 7 8 9 10 11 12 13 15 16 21 24 | 24.1
Evocations     | 1 3 4 5 6 7 8 9 10 11 12 13 14 15 16 17 | 17.4
Throwing       | 1 2 4 5 6 7 8 9 10 11 12 13 14 15 16 17 | 17.3
Fighting       | 4 5 7 8 9 10 11 12 13 14 15 16 17 18 19 | 19.2
Armour         | 3 4 5 6 7 8 9 10 11 13 14 15 16 17 18 | 18.0
Stealth        | 1 5 7 9 10 11 12 13 15 | 15.5
Translocations | 3 4 5 6 7 8 9 10 | 10.4
Spellcasting   | 3 |  3.0
Shields        | |  3.0

Action                     |  1- 3 |  4- 6 |  7- 9 | 10-12 | 13-15 | 16-18 | 19-21 | 22-24 | 25-27 || total
---------------------------+-------+-------+-------+-------+-------+-------+-------+-------+-------++-------
  Melee: Trident           |   104 |   170 |   568 |   829 |   171 |   170 |       |       |       ||  2012
         Bardiche          |       |       |       |    86 |       |  1225 |  1616 |  1923 |  2964 ||  7814
         Punch             |       |       |       |    11 |     4 |     7 |       |       |       ||    22
         Halberd           |       |       |       |       |  1043 |   320 |       |       |       ||  1363
         Tailslap          |       |       |       |       |     9 |    44 |       |       |     7 ||    60
         Unarmed           |       |       |       |       |       |    11 |       |       |       ||    11
  Throw: Dart              |       |       |     6 |    16 |    45 |     1 |     2 |       |       ||    70
         Boomerang         |       |       |       |       |     6 |    18 |    36 |     9 |    15 ||    84
         Javelin           |       |       |       |       |       |       |       |     6 |     3 ||     9
   Cast: Blink             |       |       |       |       |       |       |       |     3 |     3 ||     6
         Apportation       |       |       |       |       |       |       |       |       |     1 ||     1
 Invoke: Heroism           |       |       |       |    11 |    14 |     9 |    10 |    14 |    19 ||    77
         Finesse           |       |       |       |     1 |     1 |       |     2 |     2 |     3 ||     9
  Evoke: Wand              |       |       |     3 |    10 |     1 |     8 |     3 |     3 |    20 ||    48
         Lightning rod     |       |       |       |     4 |       |       |       |       |       ||     4
         Tin of tremorston |       |       |       |       |       |     1 |     1 |     1 |       ||     3
         Condenser vane    |       |       |       |       |       |       |       |     1 |     1 ||     2
         Phial of floods   |       |       |       |       |       |       |       |       |     1 ||     1
    Use: Potion            |     3 |       |       |       |     1 |     3 |       |     2 |     3 ||    12
         Scroll            |       |     2 |     8 |     2 |    16 |    10 |     2 |     7 |    10 ||    57
   Stab: Paralysed         |       |       |       |     8 |       |       |     4 |     1 |     3 ||    16
         Distracted        |       |       |       |       |     3 |       |       |     1 |     1 ||     5
         Sleeping          |       |       |       |       |     1 |       |       |       |       ||     1
         Confused          |       |       |       |       |       |     1 |       |       |     3 ||     4
 Armour: Scale mail        |    34 |    38 |   189 |   120 |       |       |       |       |       ||   381
         Acid dragon scale |       |       |       |   152 |    92 |       |       |       |       ||   244
         Crystal plate arm |       |       |       |       |   295 |  1227 |   576 |   786 |  1259 ||  4143
  Dodge: Dodged            |    24 |    49 |   159 |   465 |   639 |  1315 |   974 |  1652 |  2889 ||  8166
  Block: Buckler           |    11 |    27 |    86 |    75 |       |       |       |       |       ||   199

Table legend: (Time is in decaauts)
 A = Elapsed time spent in this place.
 B = Non-inter-level travel time spent in this place.
 C = Inter-level travel time spent in this place.
 D = Time resting spent in this place.
 E = Time spent auto-exploring this place.
 F = Levels seen in this place.
 G = Mean time per level.
                   A        B        C        D        E       F      G
               +--------+--------+--------+--------+--------+-----+--------+
         Total |  65736 |  57151 |   8585 |  10342 |  29346 |  63 | 1043.4 |
       Dungeon |  19396 |  16251 |   3145 |   4103 |   8552 |  15 | 1293.1 |
        Temple |    216 |    205 |     11 |      0 |    182 |   1 |  216.0 |
          Lair |   5561 |   4625 |    936 |    555 |   2661 |   5 | 1112.2 |
         Swamp |   3329 |   3146 |    183 |   1113 |    982 |   4 |  832.2 |
     Snake Pit |   5628 |   4943 |    685 |    485 |   3381 |   4 | 1407.0 |
    Slime Pits |   1296 |   1156 |    140 |    141 |    320 |   5 |  259.2 |
  Orcish Mines |   3120 |   2564 |    556 |   1164 |    740 |   2 | 1560.0 |
   Elven Halls |   3670 |   3348 |    322 |    412 |   1983 |   3 | 1223.3 |
        Vaults |   7999 |   6598 |   1401 |    116 |   4010 |   5 | 1599.8 |
         Crypt |   3555 |   3374 |    181 |    761 |   1554 |   3 | 1185.0 |
        Depths |   4946 |   4550 |    396 |    394 |   2242 |   4 | 1236.5 |
           Zot |   5598 |   4973 |    625 |    781 |   2571 |   5 | 1119.6 |
         Abyss |    361 |    361 |      0 |      0 |     53 |   3 |  120.3 |
         Trove |     38 |     38 |      0 |      0 |      5 |   1 |   38.0 |
       Ossuary |    418 |    418 |      0 |     78 |    108 |   1 |  418.0 |
      Ice Cave |    285 |    285 |      0 |    237 |      0 |   1 |  285.0 |
      Gauntlet |    314 |    314 |      0 |      0 |      0 |   1 |  314.0 |
               +--------+--------+--------+--------+--------+-----+--------+

Top non-repeatable levels by time:
    D:12: 3104 daAuts
    D:11: 2483 daAuts
  Lair:1: 1918 daAuts
Vaults:4: 1741 daAuts
Vaults:2: 1740 daAuts
   Orc:1: 1720 daAuts
Vaults:1: 1707 daAuts
    D:10: 1691 daAuts
 Snake:4: 1628 daAuts
   Zot:1: 1607 daAuts
 Snake:1: 1539 daAuts
Vaults:5: 1480 daAuts
   Elf:1: 1439 daAuts
 Crypt:3: 1427 daAuts
Depths:2: 1421 daAuts
